 Dungeon Crawl Stone Soup version 0.16.1-29-g3e760ad (webtiles) character file.

116 Miyamura the Cudgeler (level 4, 0/66 HPs)
             Began as a Troll Berserker on June 11, 2015.
             Was a Believer of Trog.
             Killed by nerve-wracking pain
             ... invoked by an orc priest
              (9 damage)
             ... on level 3 of the Dungeon.
             The game lasted 00:08:29 (1710 turns).

Miyamura the Cudgeler (Troll Berserker)             Turns: 1710, Time: 00:08:29

Health: 0/66       AC:  7    Str: 29 (30) XL:     4   Next: 69%
Magic:  0/2        EV: 10    Int:  3      God:    Trog [**....]
Gold:   140        SH:  0    Dex: 10      Spells: 0 memorised, 3 levels left

rFire  . . .     SeeInvis .     g - -3 mace (curse)
rCold  . . .     Clarity  .     d - +0 robe
rNeg   . . .     SustAb   .     (shield restricted)
rPois  .         Gourm    +     (helmet restricted)
rElec  .         Spirit   +     k - +1 cloak
rCorr  .         Warding  .     (gloves unavailable)
rMut   .         Stasis   .     (boots unavailable)
MR     .....                    m - amulet of guardian spirit
Stlth  ..........               (no ring)
                                (no ring)

@: berserking, very quick, not resistant to hostile enchantments, extremely
unstealthy
A: unfitting armour, claws 3, fast metabolism 3, gourmand, regeneration 2,
shaggy fur 1, tough skin 2
a: Burn Spellbooks, Berserk, Trog's Hand, Renounce Religion


You were on level 3 of the Dungeon.
You worshipped Trog.
Trog was pleased with you.
You were completely stuffed.

You visited 1 branch of the dungeon, and saw 3 of its levels.

You collected 140 gold pieces.

Inventory:

Hand weapons
 a - a +0 mace
 g - a cursed -3 mace (weapon)
 h - a +0 hammer of protection
 j - a +4 quarterstaff of chaos
Armour
 d - a +0 robe (worn)
 k - a +1 cloak (worn)
Jewellery
 m - an amulet of guardian spirit (around neck)
 o - a +3 ring of protection {unknown}
Magical devices
 i - a wand of polymorph (3)
Scrolls
 e - a scroll of magic mapping
Potions
 f - a potion of curing
Comestibles
 b - 4 bread rations
 c - 3 meat rations
 l - a chunk of flesh


   Skills:
 + Level 2.8 Fighting
 + Level 3.3 Maces & Flails
 + Level 2.2 Armour
 + Level 2.2 Dodging
 + Level 1.9 Unarmed Combat


You had 3 spell levels left.
You didn't know any spells.

Dungeon Overview and Level Annotations

Branches:
Dungeon (3/15)

Altars:


Innate Abilities, Weirdness & Mutations

You are too large for most types of armour.
You have claws for hands.
Your metabolism is lightning-fast.
You like to eat raw meat.
You heal very quickly.
You are covered in fur (AC +1).
You have very tough skin (AC +2).


Message History

* * * LOW HITPOINT WARNING * * *
You are electrocuted!
* * * LOW HITPOINT WARNING * * *
The orc priest prays to Beogh.
You feel troubled.
You hit the orc.
You kill the orc!
Trog accepts your kill. The orc priest closely misses you.
Things that are here:
a hand axe of electrocution; a leather armour You barely miss the orc priest.
The orc priest prays to Beogh.
You feel troubled.
You closely miss the orc priest. You sock the orc priest!
The orc priest is heavily wounded.
The orc priest mumbles some strange prayers to Beogh against you.
Pain shoots through your body!
You die...

#o#
#.##########.
#.#
#............
#.#
#############
#.# #o# #.#
#.#
#.########
#.....o@<#
#.########
###


You could see an orc priest.

Vanquished Creatures
  Crazy Yiuf (D:2)
  An orc wizard (D:3)
  An adder (D:2)
  2 worms
  6 orcs
  8 hobgoblins
  A quokka (D:2)
  3 bats
  A giant newt (D:3)
  3 goblins
  4 kobolds
  6 rats
  A fungus (D:2)
38 creatures vanquished.

Notes
Turn   | Place    | Note
--------------------------------------------------------------
     0 | D:1      | Miyamura, the Troll Berserker, began the quest for the Orb.
     0 | D:1      | Reached XP level 1. HP: 22/22 MP: 1/1
   291 | D:1      | Reached XP level 2. HP: 25/29 MP: 1/1
   411 | D:1      | Reached skill level 1 in Unarmed Combat
   604 | D:2      | Acquired Trog's second power
   655 | D:2      | Reached XP level 3. HP: 23/36 MP: 2/2
  1084 | D:2      | Reached skill level 3 in Maces & Flails
  1122 | D:2      | Noticed Crazy Yiuf
  1133 | D:2      | Killed Crazy Yiuf
  1133 | D:2      | Reached XP level 4. HP: 37/44 MP: 2/2
  1710 | D:3      | Killed from afar by an orc priest

Action                   |  1- 3 |  4- 6 || total
-------------------------+-------+-------++-------
Melee: Unarmed           |    72 |       ||    72
       Mace              |    25 |    76 ||   101
Invok: Berserk           |       |     2 ||     2
       Trog's Hand       |       |     1 ||     1
  Use: Potion            |     5 |       ||     5
       Scroll            |     4 |     2 ||     6
  Eat: Chunk             |     9 |    14 ||    23
